 Dungeon Crawl Stone Soup version 0.30-a0-802-gb92711bcdf (webtiles) character file.

Game seed: 12733489567520327968

5754 Pimp the Cleaver (level 10, 0/91 HPs)
             Began as a Minotaur Fighter on Feb 24, 2023.
             Was a Follower of Okawaru.
             Slain by a tengu warrior
             ... wielding a +1 bardiche
              (6 damage)
             ... on level 9 of the Dungeon.
             The game lasted 00:17:07 (9017 turns).

Pimp the Cleaver (Minotaur Fighter)                 Turns: 9017, Time: 00:17:08

Health: 0/91       AC: 16    Str: 24    XL:     10   Next: 49%
Magic:  9/9        EV:  8    Int:  5    God:    Okawaru [*.....]
Gold:   621        SH:  6    Dex: 11    Spells: 9/9 levels left

rFire   . . .      SeeInvis .    a - +1 war axe
rCold   . . .      Faith    .    c - +0 buckler
rNeg    . . .      Spirit   .    o - +0 plate armour
rPois   .          Reflect  .    p - +1 hat
rElec   .          Harm     .    k - +0 cloak
rCorr   .          Rampage  .    (no gloves)
Will    .....                    (no boots) Stlth
                                 (no amulet)
HPRegen 0.35/turn                (no ring)
MPRegen 0.11/turn                (no ring)

@: mighty, hasted, very quick
A: horns 2, retaliatory headbutt
a: Renounce Religion, Heroism


You were on level 9 of the Dungeon.
You worshipped Okawaru.
Okawaru was aware of your devotion.
You visited 2 branches of the dungeon, and saw 10 of its levels.
You also visited: Sewer.

You collected 621 gold pieces.

Inventory:

Hand Weapons
 a - a +1 war axe (weapon)
Armour
 b - a +0 scale mail
 c - a +0 buckler (worn)
 g - a +0 chain mail
 k - a +0 cloak (worn)
 o - a +0 plate armour (worn)
 p - a +1 hat (worn)
Wands
 s - a wand of charming (17)
 B - a wand of iceblast (4)
Scrolls
 f - 2 scrolls of blinking
 h - 3 scrolls of immolation
 j - a scroll of poison
 l - 2 scrolls of fog
 n - 4 scrolls of teleportation
 q - 2 scrolls of vulnerability
Potions
 i - 5 potions of lignification
 m - 4 potions of attraction
 t - a potion of haste
 u - 2 potions of magic
 v - 2 potions of mutation
 x - a potion of ambrosia


   Skills:
 + Level 9.0 Fighting
 * Level 10.8 Axes
 + Level 9.1 Armour
 + Level 5.7 Dodging
 + Level 9.1 Shields


You had 9 spell levels left.
You didn't know any spells.
Your spell library contained the following spells:

 Spells                   Type           Power      Damage    Failure   Level
 Ignite Poison            Fire/Tmut/Pois 0%         N/A       100%        3
 Airstrike                Air            0%         2d(0-16)  100%        4
 Sticky Flame             Conj/Fire      0%         2d3       100%        4
 Lightning Bolt           Conj/Air       0%         1d11      100%        5
 Ignition                 Fire           0%         3d3       100%        8
 Summon Lightning Spire   Summ/Air       Unusable   N/A       N/A         4

Dungeon Overview and Level Annotations

Branches:
Dungeon (9/15)             Temple (1/1) D:6           Sewer (visited)
   Lair: D:8-11         Orc: D:9-12

Altars:
Ashenzari
Dithmenos
Hepliaklqana
Kikubaaqudgha
Okawaru
Qazlal
Sif Muna
Trog
Uskayaw
Vehumet
Wu Jian
Xom
Yredelemnul
Zin

Annotations:
D:7 2 transporters, GiantSquids's ghost, novice MiBe


Innate Abilities, Weirdness & Mutations

You have a pair of horns on your head.
You reflexively headbutt those who attack you in melee.


Message History

Okawaru accepts your kill. The yak gores you but does no damage.
The tengu warrior hits you from afar with a +1 bardiche!
The yak gores you but does no damage.
You slash the tengu warrior!
The tengu warrior is moderately wounded.
You barely miss the yak. The tengu warrior closely misses you.
The tengu warrior pecks you but does no damage.
The tengu warrior claws you but does no damage.
You hit the tengu warrior.
The tengu warrior is moderately wounded.
You hit the yak. The yak barely misses you. You furiously retaliate!
You headbutt the yak!
The tengu warrior hits you with a +1 bardiche!!
* * * LOW HITPOINT WARNING * * *
You block the tengu warrior's attack. x2
You feel very mighty all of a sudden. The yak barely misses you.
You miss the tengu warrior.
The tengu warrior is moderately wounded.
You hit the yak.
The tengu warrior hits you with a +1 bardiche!
* * * LOW HITPOINT WARNING * * *
The tengu warrior pecks you but does no damage.
The tengu warrior claws you but does no damage.
You slash the tengu warrior! Your headbutt misses the tengu warrior.
The tengu warrior is heavily wounded.
You hit the yak.
You kill the yak!
Okawaru accepts your kill.
The tengu warrior hits you with a +1 bardiche.
* * * LOW HITPOINT WARNING * * *
The tengu warrior pecks you but does no damage.
The tengu warrior claws you but does no damage.
You slash the tengu warrior! Your headbutt misses the tengu warrior.
The tengu warrior is severely wounded.
You slash the tengu warrior! Your headbutt misses the tengu warrior.
The tengu warrior is almost dead.
You block the tengu warrior's attack. The tengu warrior pecks you.
You die...

###################.......#******
.................#)#.#.#.#.#,,,,,
.................#....†...)#,,,,,
.............#####***#.#*********
############.# ##.# * #.# #Q.# *
#.# #.## * #.########.#######****
############....@Q...........,,,,
.............................,,,,
#############################****


You could see a tengu warrior.

Vanquished Creatures
  Gastronok (D:8)
  Maggie (D:7)
  A troll (D:8)
  Sigmund (D:5)
  Eustachio (D:5)
  3 yaks (D:9)
  A steam dragon (D:7)
  Edmund (D:5)
  2 water moccasins
  4 orc warriors
  2 ice beasts
  3 sky beasts
  A centaur (D:8)
  2 bullfrogs
  2 kobold brigands
  Blork the orc (D:5)
  3 necrophages
  A scorpion (D:7)
  13 killer bees
  4 howler monkeys
  A gnoll bouda (D:5)
  3 orc priests
  2 hounds (D:5)
  2 jellies (Sewer)
  2 iguanas
  Ijyb (D:4)
  8 orc wizards
  Robin (D:3)
  5 gnolls (D:5)
  A river rat (Sewer)
  12 adders
  2 shadow imps
  An ufetubus (D:4)
  5 worms
  3 dart slugs
  38 orcs
  13 endoplasms
  6 giant cockroaches
  12 goblins
  8 hobgoblins
  8 jackals
  7 quokkas
  8 ball pythons
  3 bats
  2 frilled lizards
  18 kobolds
  8 rats
228 creatures vanquished.

Notes
Turn   | Place    | Note
-------+----------+-------------------------------------------
     0 | D:1      | Pimp the Minotaur Fighter began the quest for the Orb.
     0 | D:1      | Reached XP level 1. HP: 19/19 MP: 0/0
    91 | D:1      | Reached XP level 2. HP: 26/27 MP: 1/1
   328 | D:1      | Reached skill level 3 in Axes
   684 | D:1      | Reached XP level 3. HP: 33/33 MP: 2/2
  1566 | D:3      | Found a shadowy altar of Dithmenos.
  1593 | D:3      | Noticed Robin
  1597 | D:3      | Reached XP level 4. HP: 38/40 MP: 3/3
  1602 | D:3      | Killed Robin
  1852 | D:3      | Found a basalt altar of Yredelemnul.
  2157 | D:4      | Reached XP level 5. HP: 44/47 MP: 4/4
  2370 | D:4      | Noticed Ijyb
  2383 | D:4      | Killed Ijyb
  2384 | D:4      | Reached skill level 4 in Axes
  2384 | D:4      | Reached skill level 5 in Armour
  2444 | D:4      | Reached skill level 5 in Fighting
  2444 | D:4      | Reached skill level 5 in Shields
  2609 | D:4      | Found a glowing drain.
  2618 | D:4      | Reached XP level 6. HP: 44/56 MP: 5/5
  2628 | Sewer    | Entered a sewer
  2856 | Sewer    | Found a viscous altar of Jiyva.
  3479 | D:5      | Entered Level 5 of the Dungeon
  3504 | D:5      | Noticed Blork the orc
  3509 | D:5      | Killed Blork the orc
  3547 | D:5      | Noticed Sigmund
  3560 | D:5      | Reached skill level 5 in Axes
  3560 | D:5      | Reached XP level 7. HP: 23/62 MP: 6/6
  3565 | D:5      | Killed Sigmund
  4146 | D:5      | Noticed Edmund
  4160 | D:5      | Killed Edmund
  4280 | D:5      | Reached skill level 6 in Axes
  4288 | D:5      | Reached skill level 1 in Dodging
  4288 | D:5      | Reached XP level 8. HP: 48/64 MP: 7/7
  4451 | D:5      | Found an ornate altar of the Wu Jian Council.
  4593 | D:5      | Found a hazy altar of Hepliaklqana.
  4760 | D:5      | Noticed Eustachio
  4782 | D:5      | Killed Eustachio
  5211 | D:6      | Found a staircase to the Ecumenical Temple.
  5237 | D:6      | Reached skill level 7 in Axes
  5290 | D:6      | Found a radiant altar of Vehumet.
  5362 | D:6      | Reached XP level 9. HP: 40/79 MP: 8/8
  5580 | D:6      | Reached skill level 8 in Axes
  5752 | D:6      | Found a shimmering blue altar of Sif Muna.
  5815 | D:7      | Noticed a two-headed ogre
  5815 | D:7      | Found a transporter.
  5824 | D:7      | Found a bloodstained altar of Trog.
  5824 | D:7      | Noticed GiantSquids's ghost (novice MiBe)
  5830 | D:7      | Found a transporter.
  5844 | D:7      | Noticed a moth of wrath
  5868 | D:7      | Noticed Maggie
  5883 | D:7      | Killed Maggie
  6418 | D:7      | Reached skill level 9 in Axes
  7398 | Temple   | Entered the Ecumenical Temple
  7426 | Temple   | Became a worshipper of Warmaster Okawaru
  8146 | D:8      | Noticed a troll
  8151 | D:8      | Noticed Gastronok
  8162 | D:8      | Killed a troll
  8163 | D:8      | Reached XP level 10. HP: 72/90 MP: 9/9
  8172 | D:8      | Reached skill level 10 in Axes
  8176 | D:8      | Killed Gastronok
  8176 | D:8      | Reached * piety under Okawaru
  8177 | D:8      | Reached skill level 5 in Dodging
  8990 | D:9      | Noticed a tengu warrior
  9017 | D:9      | Slain by a tengu warrior

Illustrated notes

Levels and vault maps discovered:
D:1:      kennysheep_arrival_seaside, layout_basic
D:2:      layout_rooms
D:3:      layout_basic, mainiacjoe_overflow_alcove_2,
          mainiacjoe_overflow_alcove_1, uniq_robin
D:4:      layout_loops_corners, cheibrodos_sewer_entry_sluice, uniq_ijyb
D:5:      nicolae_cairo_tiling_large, layout_basic,
          nicolae_wu_jian_wuxing_cycle, general_overflow_altar, minivault_19,
          uniq_edmund, uniq_sigmund, uniq_eustachio, uniq_blork_the_orc
D:6:      layout_rooms, led_sif_pool, lemuel_tele_altar,
          minmay_temple_entry_from_below_a
D:7:      layout_basic, gammafunk_ghost_wrathful_warriors, hex_medium,
          uniq_maggie
D:8:      layout_layer_cave, minmay_splitting_lines, dreamdust_wishing_well,
          uniq_gastronok
D:9:      minmay_spotlight, layout_long_grid, slow_altar_1, minmay_statues_item,
          uniq_psyche
Temple:   nicolae_temple_superstar

Skill      XL: |  1  2  3  4  5  6  7  8  9 10 |
---------------+-------------------------------+-----
Fighting       | 4 5 6 7 8 9 |  9.0
Shields        | 4 5 6 7 8 9 |  9.1
Axes           | 3 4 5 6 7 9 10 | 10.8
Armour         | 4 5 6 7 8 9 |  9.1
Dodging        | 1 3 4 5 |  5.7

Action                     |  1- 3 |  4- 6 |  7- 9 | 10-12 || total
---------------------------+-------+-------+-------+-------++-------
  Melee: War axe           |    75 |   159 |   299 |    45 ||   578
         Headbutt          |     5 |    25 |    54 |    13 ||    97
    Use: Scroll            |       |     9 |       |     9 ||    18
         Potion            |       |     1 |    10 |     2 ||    13
 Armour: Scale mail        |    13 |       |       |       ||    13
         Chain mail        |    28 |     9 |       |       ||    37
         Plate armour      |       |   120 |   248 |    30 ||   398
  Dodge: Dodged            |    38 |    41 |   154 |    20 ||   253
  Block: Buckler           |    16 |    42 |   106 |    14 ||   178

Table legend: (Time is in decaauts)
 A = Elapsed time spent in this place.
 B = Non-inter-level travel time spent in this place.
 C = Inter-level travel time spent in this place.
 D = Time resting spent in this place.
 E = Time spent auto-exploring this place.
 F = Levels seen in this place.
 G = Mean time per level.
                   A        B        C        D        E       F      G
               +--------+--------+--------+--------+--------+-----+--------+
         Total |   9186 |   8737 |    449 |   1566 |   5259 |  11 |  835.1 |
       Dungeon |   8747 |   8349 |    398 |   1474 |   5161 |   9 |  971.9 |
        Temple |     54 |      3 |     51 |      0 |      0 |   1 |   54.0 |
         Sewer |    384 |    384 |      0 |     92 |     98 |   1 |  384.0 |
               +--------+--------+--------+--------+--------+-----+--------+

Top non-repeatable levels by time:
     D:5: 1668 daAuts
     D:7: 1438 daAuts
     D:8: 1420 daAuts
     D:4: 1070 daAuts
     D:1: 974 daAuts
     D:6: 732 daAuts
     D:3: 622 daAuts
     D:2: 532 daAuts
   Sewer: 384 daAuts
     D:9: 287 daAuts
  Temple: 54 daAuts
